AoeStats
← 从不压堡之人

MegaRandom

510270608Analyzed
3v3 RM · 1d ago on Sep 30, 2026· 40m 36s· 6 players
Game mode
Random Map
Map size
Normal (6 player)
Population
200
Speed
Normal
Resources
Standard
Victory
Conquest
Starting age
Dark Age
Ending age
Imperial Age
RankedLock teamsTeams togetherTeam positionsShared explorationLock speedFull tech treeHidden civsTurbo modeCheats
Victory
Defeat
🇨🇳 Spanish · China
1146
+15
🇫🇷 Bengalis · France
1093
+17
🇬🇧 Chinese · United Kingdom
1058
+18
🇨🇳 Danes · China
1271
-24
🇨🇳 Chinese · China
1074
-15
🇨🇳 Vikings · China
983
-11
从不压堡之人
4:13 Loom
12:28 Feudal Age
16:20 Castle Age
14:54 Fishing Lines
15:16 Fletching
16:09 Double-Bit Axe
16:06 Horse Collar
17:27 Bodkin Arrow
21:04 Bow Saw
27:02 Caravan
26:59 Town Watch
28:19 Clinker Construction
28:28 Gillnets
30:00 Gold Mining
30:00 Stone Mining
33:02 Imperial Age
30:43 Treadmill Crane
32:11 Squires
31:56 Arson
32:42 Fervor
33:57 Scale Mail Armor
34:11 Forging
33:28 Capped Ram
35:32 Two-Man Saw
35:35 Heavy Plow
35:08 Elite Varangian Guard
36:05 Chain Mail Armor
36:25 Iron Casting
36:10 Bracer
36:31 Ballistics
37:12 Chemistry
36:51 Gold Shaft Mining
36:59 Siege Ram
39:00 Plate Mail Armor
39:30 Blast Furnace
38:59 Siege Engineers
40:21 Blast Furnace
40:31 Carvel Hull
BLUE POISON
7:58 Loom
10:42 Feudal Age
10:43 Man-at-Arms
11:09 Arson
11:14 Double-Bit Axe
11:42 Arson
15:58 Fishing Lines
16:47 Gold Mining
17:08 Scale Mail Armor
17:18 Horse Collar
19:42 Castle Age
18:11 Forging
19:49 Long Swordsman
20:49 Chain Mail Armor
20:45 Squires
20:31 Gambesons
22:22 Bow Saw
26:39 Wheelbarrow
25:50 Town Watch
29:17 Gold Shaft Mining
29:05 Hand Cart
29:27 Caravan
36:35 Imperial Age
34:57 Fletching
36:12 Clinker Construction
36:12 Careening
36:01 Stone Mining
36:38 Onager
37:24 Siege Engineers
38:20 Chemistry
37:52 Plate Mail Armor
36:44 Two-Handed Swordsman
38:19 Masonry
38:31 Dry Dock
38:31 Carvel Hull
38:13 Siege Onager
39:46 Northmen's Fury
41:25 Stone Shaft Mining
我怕你审判长?
3:11 Loom
14:18 Feudal Age
15:41 Double-Bit Axe
18:06 Castle Age
16:18 Gold Mining
16:43 Fletching
16:54 Padded Archer Armor
18:07 Crossbowman
18:52 Thumb Ring
18:44 Bodkin Arrow
24:31 Fishing Lines
28:05 Ballistics
31:03 Wheelbarrow
35:15 Imperial Age
33:02 Hand Cart
33:27 Town Watch
34:12 Town Patrol
34:35 Leather Archer Armor
35:39 Gillnets
36:05 Bracer
36:35 Ring Archer Armor
37:07 Chemistry
36:48 Arbalester
38:39 Bow Saw
fifox58
4:24 Loom
15:40 Feudal Age
17:15 Wheelbarrow
19:55 Castle Age
17:47 Double-Bit Axe
18:35 Stone Mining
18:42 Gold Mining
21:27 Fletching
21:37 Padded Archer Armor
22:29 Bow Saw
27:29 Bodkin Arrow
28:00 Ballistics
29:56 Hand Cart
37:56 Imperial Age
39:02 Bracer
40:32 Leather Archer Armor
taktak89
5:28 Loom
12:37 Feudal Age
13:18 Man-at-Arms
19:21 Horse Collar
19:30 Double-Bit Axe
20:24 Fletching
24:00 Castle Age
26:24 Town Watch
28:35 Sanctity
32:50 Wheelbarrow
33:34 Redemption
37:09 Hand Cart
36:50 Gold Mining
38:07 Heavy Plow
38:45 Ballistics
39:01 Bow Saw
val
3:01 Loom
14:14 Feudal Age
15:37 Man-at-Arms
16:53 Forging
22:28 Castle Age
21:02 Padded Archer Armor
21:33 Double-Bit Axe
25:22 Scale Mail Armor
25:20 Stone Mining
31:36 Leather Archer Armor
34:42 Bloodlines
37:41 Gold Mining
39:04 Husbandry
Connection lost

Rejoining the realm…

Still unreachable

The connection could not be restored.

Session expired

The server has moved on; the page needs a fresh start.